PAAA
GRYFINDOR BRAVES @ PLYMOUTH ROCKS
07/14/2029
 
TOP OF THE 1ST
Gryfindor Braves batting - Pitching for Plymouth Rocks : LHP Zalontae Hillary
Pitching: LHP Zalontae Hillary
Batting: RHB Ernesto Souza 0-0: Called Strike
0-1: Ball
1-1: Ball
2-1: SINGLE (Groundball, 6MD)
Batting: RHB Roy Herring 0-0: Called Strike
0-1: Ball
1-1: Ball
2-1: Ball
3-1: Called Strike
3-2: Foul Ball, location: 2F
3-2: Base on Balls
Ernesto Souza to second
Batting: RHB Paul Penrice 0-0: Called Strike
0-1: Reached on error, E5 (Groundball, 56)
Ernesto Souza to third
Roy Herring to second
Batting: RHB Ralph Cranford 0-0: Swinging Strike
0-1: Foul Ball, location: 2F
0-2: Foul Ball, location: 2F
0-2: Strikes out swinging
Batting: RHB Jeff Green 0-0: Ball
1-0: Ball
2-0: Swinging Strike
2-1: SINGLE (Groundball, 6MD)
Ernesto Souza scores
Roy Herring to third
Paul Penrice to second
Batting: RHB Gonzalo Ángel 0-0: Foul Ball, location: 2F
0-1: Fly out, F8 (Flyball, 8RM)
Batting: RHB Rafael Durango 0-0: Foul Ball, location: 2F
0-1: Ball
1-1: Swinging Strike
1-2: Ball
2-2: Ball
3-2: Base on Balls
Roy Herring scores
Paul Penrice to third
Jeff Green to second
Batting: RHB Raúl Reyna 0-0: Called Strike
0-1: Fielders Choice at 2nd, U4 (Groundball, 4M)
Top of the 1st over - 2 runs, 2 hits, 1 error, 3 left on base; Gryfindor 2 - Plymouth 0
BOTTOM OF THE 1ST
Plymouth Rocks batting - Pitching for Gryfindor Braves : LHP Jorge Cedeño
Pitching: LHP Jorge Cedeño
Batting: LHB José Castillo 0-0: Ball
1-0: Called Strike
1-1: Ball
2-1: Foul Ball, location: 2F
2-2: Ball
3-2: Strikes out swinging
Batting: SHB Javier Vega 0-0: Called Strike
0-1: Swinging Strike
0-2: Ball
1-2: Foul Ball, location: 2F
1-2: Fly out, F6 (Line Drive, 6M)
Batting: SHB Arnold Griffith 0-0: SOLO HOME RUN (Flyball, 7LD), Distance : 379 ft
Batting: RHB Ernesto Trevino 0-0: Ball
1-0: Ball
2-0: Ball
3-0: Called Strike
3-1: Foul Ball, location: 2F
3-2: Strikes out swinging
Bottom of the 1st over - 1 run, 1 hit, 0 errors, 0 left on base; Gryfindor 2 - Plymouth 1
TOP OF THE 2ND
Gryfindor Braves batting - Pitching for Plymouth Rocks : LHP Zalontae Hillary
Batting: LHB Ken Watanabe 0-0: Foul Ball, location: 2F
0-1: Foul Ball, location: 2F
0-2: Ground out 6-3 (Groundball, 6MS)
Batting: RHB Ernesto Souza 0-0: Foul Ball, location: 2F
0-1: Called Strike
0-2: SINGLE (Groundball, 6MD)
Batting: RHB Roy Herring 0-0: Foul Ball, location: 2F
0-1: Called Strike
0-2: Ball
Pickoff Throw by Catcher to First - Error! E2
Ernesto Souza to second
1-2: Ball
2-2: Foul Ball, location: 2F
2-2: Strikes out swinging
Batting: RHB Paul Penrice 0-0: Ground out 6-3 (Groundball, 56D)
Top of the 2nd over - 0 runs, 1 hit, 1 error, 1 left on base; Gryfindor 2 - Plymouth 1
BOTTOM OF THE 2ND
Plymouth Rocks batting - Pitching for Gryfindor Braves : LHP Jorge Cedeño
Batting: RHB Layton Templeman 0-0: Fly out, F8 (Flyball, 8RM)
Batting: RHB Arturo Maldonado 0-0: Foul Ball, location: 2F
0-1: Swinging Strike
0-2: Fly out, F7 (Flyball, 7LM)
Batting: RHB Andrew Weeks 0-0: Ball
1-0: Ground out 5-3 (Groundball, 56)
Bottom of the 2nd over - 0 runs, 0 hits, 0 errors, 0 left on base; Gryfindor 2 - Plymouth 1
TOP OF THE 3RD
Gryfindor Braves batting - Pitching for Plymouth Rocks : LHP Zalontae Hillary
Batting: RHB Ralph Cranford 0-0: Ball
1-0: Ball
2-0: Ball
3-0: Base on Balls
Batting: RHB Jeff Green 0-0: Called Strike
0-1: Ball
1-1: Ball
2-1: Foul Ball, location: 2F
2-2: Ball
3-2: Fly out, F5 (Popup, 5SF)
Batting: RHB Gonzalo Ángel 0-0: Swinging Strike
0-1: Ball
1-1: Ball
2-1: Foul Ball, location: 2F
2-2: Grounds into double play, 6-4-3 (Groundball, 6D)
Top of the 3rd over - 0 runs, 0 hits, 0 errors, 0 left on base; Gryfindor 2 - Plymouth 1
BOTTOM OF THE 3RD
Plymouth Rocks batting - Pitching for Gryfindor Braves : LHP Jorge Cedeño
Batting: RHB Hubert Dodson 0-0: Ball
1-0: Ground out 1-3 (Groundball, P)
Batting: RHB John Townsend 0-0: Ball
1-0: Foul Ball, location: 2F
1-1: Ball
2-1: Ground out 6-3 (Groundball, 6)
Batting: LHB José Castillo 0-0: Called Strike
0-1: Ball
1-1: Ground out 4-3 (Groundball, 4)
Bottom of the 3rd over - 0 runs, 0 hits, 0 errors, 0 left on base; Gryfindor 2 - Plymouth 1
TOP OF THE 4TH
Gryfindor Braves batting - Pitching for Plymouth Rocks : LHP Zalontae Hillary
Batting: RHB Rafael Durango 0-0: Ball
1-0: Called Strike
1-1: Swinging Strike
1-2: SINGLE (Flyball, 8RS)
Batting: RHB Raúl Reyna 0-0: Ball
1-0: Called Strike
1-1: Foul Ball, location: 2F
1-2: Fly out, F5 (Line Drive, 56)
Batting: LHB Ken Watanabe 0-0: Ball
Rafael Durango is caught stealing 2nd base
1-0: Called Strike
1-1: Foul Ball, location: 2F
1-2: Ball
2-2: Ball
3-2: Ground out 1-3 (Groundball, 13S)
Top of the 4th over - 0 runs, 1 hit, 0 errors, 0 left on base; Gryfindor 2 - Plymouth 1
BOTTOM OF THE 4TH
Plymouth Rocks batting - Pitching for Gryfindor Braves : LHP Jorge Cedeño
Batting: SHB Javier Vega 0-0: Called Strike
0-1: Ball
1-1: Called Strike
1-2: Ground out U3 (Groundball, 3)
Batting: SHB Arnold Griffith 0-0: Called Strike
0-1: Ground out 5-3 (Groundball, 5L)
Batting: RHB Ernesto Trevino 0-0: Ball
1-0: Ball
2-0: Ball
3-0: Base on Balls
Batting: RHB Layton Templeman 0-0: Ball
Ernesto Trevino is caught stealing 2nd base
Bottom of the 4th over - 0 runs, 0 hits, 0 errors, 0 left on base; Gryfindor 2 - Plymouth 1
TOP OF THE 5TH
Gryfindor Braves batting - Pitching for Plymouth Rocks : LHP Zalontae Hillary
Batting: RHB Ernesto Souza 0-0: Swinging Strike
0-1: DOUBLE (Line Drive, 7LM)
Batting: RHB Roy Herring 0-0: Fly out, F2 (Popup, 13S)
Batting: RHB Paul Penrice 0-0: Ball
1-0: Foul Ball, location: 2F
1-1: Ball
2-1: Foul Ball, location: 2F
2-2: Fly out, F9 (Flyball, 89M)
Batting: RHB Ralph Cranford 0-0: Ball
1-0: Foul Ball, location: 2F
1-1: Ball
2-1: Ground out 1-3 (Groundball, 15)
Top of the 5th over - 0 runs, 1 hit, 0 errors, 1 left on base; Gryfindor 2 - Plymouth 1
BOTTOM OF THE 5TH
Plymouth Rocks batting - Pitching for Gryfindor Braves : LHP Jorge Cedeño
Batting: RHB Layton Templeman 0-0: Ball
1-0: Foul Ball, location: 2F
1-1: Ball
2-1: Ball
3-1: Foul Ball, location: 2F
3-2: Fly out, F8 (Line Drive, 8LXD)
Batting: RHB Arturo Maldonado 0-0: Called Strike
0-1: Fly out, F8 (Flyball, 78S)
Batting: RHB Andrew Weeks 0-0: Foul Ball, location: 2F
0-1: Ball
1-1: Foul Ball, location: 2F
1-2: Ground out 6-3 (Groundball, 6S)
Bottom of the 5th over - 0 runs, 0 hits, 0 errors, 0 left on base; Gryfindor 2 - Plymouth 1
TOP OF THE 6TH
Gryfindor Braves batting - Pitching for Plymouth Rocks : LHP Zalontae Hillary
Batting: RHB Jeff Green 0-0: Ball
1-0: Ball
2-0: Ball
3-0: Called Strike
3-1: Foul Ball, location: 2F
3-2: Base on Balls
Batting: RHB Gonzalo Ángel 0-0: Sac Bunt - play at first, batter OUT! 1-3
Jeff Green to second
Batting: RHB Rafael Durango 0-0: Fly out, F8 (Flyball, 8LXD)
Runner from 2nd tags up, SAFE at 3rd, no throw
Batting: RHB Raúl Reyna 0-0: Ball
1-0: Ball
2-0: Called Strike
2-1: DOUBLE (Line Drive, 89M)
Jeff Green scores
Batting: LHB Ken Watanabe 0-0: Ball
1-0: Fly out, F6 (Popup, 6D)
Top of the 6th over - 1 run, 1 hit, 0 errors, 1 left on base; Gryfindor 3 - Plymouth 1
BOTTOM OF THE 6TH
Plymouth Rocks batting - Pitching for Gryfindor Braves : LHP Jorge Cedeño
Batting: RHB Hubert Dodson 0-0: Ball
1-0: Called Strike
1-1: Called Strike
1-2: Ball
2-2: Ground out 1-3 (Groundball, 13S)
Batting: RHB John Townsend 0-0: Foul Ball, location: 2F
0-1: Called Strike
0-2: Ball
1-2: Strikes out swinging
Batting: LHB José Castillo 0-0: Ball
1-0: Called Strike
1-1: Foul Ball, location: 2F
1-2: Strikes out swinging
Bottom of the 6th over - 0 runs, 0 hits, 0 errors, 0 left on base; Gryfindor 3 - Plymouth 1
TOP OF THE 7TH
Gryfindor Braves batting - Pitching for Plymouth Rocks : LHP Zalontae Hillary
Batting: RHB Ernesto Souza 0-0: Called Strike
0-1: Ball
1-1: Ground out 4-3 (Groundball, 4)
Batting: RHB Roy Herring 0-0: Ball
1-0: Called Strike
1-1: Foul Ball, location: 2F
1-2: Ball
2-2: Strikes out swinging
Batting: RHB Paul Penrice 0-0: Called Strike
0-1: Fly out, F7 (Flyball, 7LS)
Top of the 7th over - 0 runs, 0 hits, 0 errors, 0 left on base; Gryfindor 3 - Plymouth 1
BOTTOM OF THE 7TH
Plymouth Rocks batting - Pitching for Gryfindor Braves : LHP Jorge Cedeño
Batting: SHB Javier Vega 0-0: Ball
1-0: Called Strike
1-1: Foul Ball, location: 2F
1-2: Fly out, F7 (Flyball, 7S)
Batting: SHB Arnold Griffith 0-0: Called Strike
0-1: Ball
1-1: Ball
2-1: DOUBLE (Groundball, 3L)
Batting: RHB Ernesto Trevino 0-0: Ground out 6-3 (Groundball, 6)
Batting: RHB Layton Templeman 0-0: Called Strike
0-1: Ball
1-1: Ball
2-1: Ball
3-1: Called Strike
3-2: Foul Ball, location: 2F
3-2: Strikes out swinging
Bottom of the 7th over - 0 runs, 1 hit, 0 errors, 1 left on base; Gryfindor 3 - Plymouth 1
TOP OF THE 8TH
Gryfindor Braves batting - Pitching for Plymouth Rocks : LHP Zalontae Hillary
Batting: RHB Ralph Cranford 0-0: Ball
1-0: Foul Ball, location: 2F
1-1: Ball
2-1: SINGLE (Line Drive, 7S)
Pitching: LHP Luis Arreola
Batting: RHB Jeff Green 0-0: Ball
1-0: Called Strike
1-1: Ball
2-1: Grounds into double play, 6-4-3 (Groundball, 6)
Batting: RHB Gonzalo Ángel 0-0: Called Strike
0-1: Ball
1-1: Ball
2-1: Ball
3-1: Base on Balls
Batting: RHB Rafael Durango Pickoff Throw to First - Out!
Top of the 8th over - 0 runs, 1 hit, 0 errors, 0 left on base; Gryfindor 3 - Plymouth 1
BOTTOM OF THE 8TH
Plymouth Rocks batting - Pitching for Gryfindor Braves : LHP Jorge Cedeño
Batting: RHB Arturo Maldonado 0-0: Ball
1-0: Ball
2-0: Foul Ball, location: 2F
2-1: Called Strike
2-2: Ball
3-2: Fly out, F8 (Flyball, 8RS)
Batting: RHB Andrew Weeks 0-0: Ball
1-0: Ball
2-0: Ball
3-0: Base on Balls
Batting: RHB Hubert Dodson 0-0: Ball
1-0: Called Strike
1-1: Ball
2-1: Grounds into double play, 6-4-3 (Groundball, 6)
Bottom of the 8th over - 0 runs, 0 hits, 0 errors, 0 left on base; Gryfindor 3 - Plymouth 1
TOP OF THE 9TH
Gryfindor Braves batting - Pitching for Plymouth Rocks : LHP Luis Arreola
Batting: RHB Rafael Durango 0-0: Ball
1-0: Called Strike
1-1: Ball
2-1: Fly out, F6 (Popup, 6MS)
Batting: RHB Raúl Reyna 0-0: Called Strike
0-1: Ball
1-1: Ball
2-1: Foul Ball, location: 2F
2-2: Strikes out swinging
Batting: LHB Ken Watanabe 0-0: Ball
1-0: Fly out, F8 (Flyball, 8LS)
Top of the 9th over - 0 runs, 0 hits, 0 errors, 0 left on base; Gryfindor 3 - Plymouth 1
BOTTOM OF THE 9TH
Plymouth Rocks batting - Pitching for Gryfindor Braves : LHP Jorge Cedeño
Pitching: RHP Marcos Oquendo
Batting: RHB John Townsend 0-0: Ground out U3 (Groundball, 3)
Batting: LHB José Castillo 0-0: Swinging Strike
0-1: Ball
1-1: DOUBLE (Flyball, 89D)
Batting: SHB Javier Vega 0-0: Swinging Strike
0-1: Swinging Strike
0-2: Strikes out swinging
Batting: SHB Arnold Griffith 0-0: Ball
1-0: Called Strike
1-1: Ball
2-1: Ball
3-1: Base on Balls
Batting: RHB Ernesto Trevino 0-0: Called Strike
0-1: Fly out, F9 (Flyball, 9)
Bottom of the 9th over - 0 runs, 1 hit, 0 errors, 2 left on base; Gryfindor 3 - Plymouth 1
Tuesday, December 19th, 2017 - OOTP Baseball 18.8 Build 76